 Dungeon Crawl Stone Soup version 0.21-a0-1-gaf3b9a5 (webtiles) character file.

435 nikopol the Skirmisher (level 7, -3/44 HPs)
             Began as a Gargoyle Berserker on May 20, 2017.
             Was a Believer of Trog.
             Killed from afar by an orc wizard (6 damage)
             ... with a puff of flame
             ... on level 4 of the Dungeon.
             The game lasted 00:05:23 (2769 turns).

nikopol the Skirmisher (Gargoyle Berserker)         Turns: 2769, Time: 00:05:24

Health: -3/44      AC: 11    Str: 20    XL:     7   Next: 0%
Magic:  7/7        EV: 12    Int:  8    God:    Trog [**....]
Gold:   140        SH:  0    Dex: 11    Spells: 6/6 levels left

rFire    . . .     SeeInvis .   a - +0 hand axe
rCold    . . .     Gourm    .   (no shield)
rNeg     + . .     Faith    .   i - +0 ring mail
rPois    ∞         Spirit   .   (no helmet)
rElec    +         Reflect  .   n - +0 cloak
rCorr    .         Harm     .   (no gloves)
MR       .....                  (no boots)
Stlth    +.........             (no amulet)
Regen    0.2/turn               (no ring)
MPRegen  0.1/turn               (no ring)

@: slowed, very slow
A: negative energy resistance 1, electricity resistance, unbreathing,
petrification resistance, rot immunity, AC +4
a: Berserk, Trog's Hand, Burn Spellbooks, Renounce Religion


You were on level 4 of the Dungeon.
You worshipped Trog.
Trog was pleased with you.
You were very hungry.

You visited 1 branch of the dungeon, and saw 4 of its levels.

You collected 140 gold pieces.

Inventory:

Hand Weapons
 a - a +0 hand axe (weapon)
 z - a +0 shortbow
Missiles
 d - 35 arrows (quivered)
Armour
 b - a +0 animal skin
 i - a +0 ring mail (worn)
 n - a +0 cloak (worn)
Jewellery
 g - an uncursed ring of see invisible {unknown}
Scrolls
 l - 4 scrolls of identify
 p - 2 scrolls of enchant armour {unknown}
 q - a scroll of magic mapping {unknown}
 r - 2 scrolls of teleportation {unknown}
 s - 2 scrolls of remove curse {unknown}
 v - a scroll of fog {unknown}
Potions
 e - 2 potions of lignification
 f - 4 potions of curing
 h - 2 potions of haste {unknown}
 j - 2 potions of might {unknown}
 k - a potion of ambrosia {unknown}
 m - 4 potions of heal wounds {unknown}
 o - a potion of cancellation {unknown}
 t - 2 potions of degeneration {unknown}
Comestibles
 c - 4 bread rations
 u - 3 chunks of flesh


   Skills:
 + Level 4.9 Fighting
 * Level 4.1 Axes
 * Level 2.2 Bows
 + Level 3.6 Armour
 + Level 3.1 Dodging


You had 6 spell levels left.
You didn't know any spells.

Dungeon Overview and Level Annotations

Branches:
Dungeon (4/15)
 Temple: D:4-7

Altars:
Gozag
Hepliaklqana
Nemelex Xobeh

Shops:
D:4 *


Innate Abilities, Weirdness & Mutations

You are resistant to torment.
Your stone body is resilient. (AC +4)
You are immune to poison.
You resist negative energy. (rN+)
You are resistant to electric shocks. (rElec)
You can survive without breathing.
You are immune to petrification.
You are immune to rotting.


Message History

You hear some strange, mumbled words.
A puff of flame appears from out of thin air!
The puff of flame misses you.
Found 28 stones.
Items here: ) [ †† a flail; a scale mail; an orc corpse x2
You feel a strong urge to attack something.
You see here an arrow.
A magic dart appears from out of thin air!
The magic dart hits you!
* * * LOW HITPOINT WARNING * * *
You feel your anger subside.
You are no longer berserk.
You are exhausted.
You feel yourself slow down.
You see here an arrow.
You completely miss something.
Something hits you but does no damage. x2
You hear some strange, mumbled words.
A puff of flame appears from out of thin air!
The puff of flame hits you!
You die...

####....###....
...>. #.....#
.... #####
##..##.###.##.
# #..........#
# .....####.###
# ##.# #.# #
#.# #.#
..#.#(####.# #
........@).# .
....#.###### #
. .. # #. ## #
. # # ...###
#....


There were no monsters in sight!

Vanquished Creatures
  A centaur (D:3)
  A scorpion (D:4)
  A crimson imp (D:4)
  2 hounds (D:4)
  An orc priest (D:4)
  A centaur skeleton (D:4)
  A worker ant (D:4)
  3 adders (D:3)
  3 oozes
  An adder skeleton (D:4)
  3 worms
  A dart slug (D:2)
  8 orcs
  6 bats
  3 giant cockroaches
  7 goblins
  7 hobgoblins
  2 jackals
  11 kobolds
  2 quokkas
  A frilled lizard (D:3)
  8 rats
74 creatures vanquished.

Notes
Turn   | Place    | Note
-------+----------+-------------------------------------------
     0 | D:1      | nikopol the Gargoyle Berserker began the quest for the Orb.
     0 | D:1      | Reached XP level 1. HP: 14/14 MP: 1/1
    35 | D:1      | Reached XP level 2. HP: 16/19 MP: 2/2
   572 | D:1      | Reached XP level 3. HP: 18/24 MP: 3/3
   816 | D:2      | Reached ** piety under Trog
   879 | D:2      | Found a hazy altar of Hepliaklqana.
   922 | D:2      | Found an opulent altar of Gozag.
  1404 | D:3      | Reached XP level 4. HP: 23/29 MP: 4/4
  1784 | D:3      | Found a sparkling altar of Nemelex Xobeh.
  1784 | D:3      | Noticed a centaur
  1798 | D:3      | Killed a centaur
  1798 | D:3      | Reached XP level 5. HP: 8/34 MP: 5/5
  2587 | D:4      | Found Nyatree's General Store.
  2610 | D:4      | Reached skill level 1 in Bows
  2610 | D:4      | Reached XP level 6. HP: 38/39 MP: 6/6
  2762 | D:4      | HP: 2/40 [orc priest/nerve-wracking pain (3)]
  2764 | D:4      | Reached XP level 7. HP: 4/44 MP: 7/7
  2767 | D:4      | HP: 3/66 [something/magic dart (1)]
  2769 | D:4      | Killed from afar by an orc wizard

Vault maps used:
D:1:      erik_arrival_gehennom
D:2:      lemuel_crystal_altar, first_bread, dk_noncrumbling_4,
          grunt_gozag_breadcrumbs
D:3:      old_standard_altar
D:4:      lemuel_temple_firewalk_b, serial_shops, shop_statue,
          nicolae_shop_statue_plus, hangedman_minor_gate_pass, uniq_grinder

Skill      XL: |  1  2  3  4  5  6 |
---------------+-------------------+-----
Axes           | 3 4 |  4.1
Dodging        | 2 3 |  3.1
Fighting       | 4 |  4.9
Armour         | 3 |  3.6
Bows           | 1 2 |  2.2

Action                   |  1- 3 |  4- 6 |  7- 9 || total
-------------------------+-------+-------+-------++-------
Melee: Hand axe          |   107 |   160 |     1 ||   268
 Fire: Shortbow          |       |    23 |       ||    23
Invok: Berserk           |       |     2 |       ||     2
  Use: Scroll            |     3 |       |       ||     3
 Stab: Sleeping          |     1 |       |       ||     1
  Eat: Chunk             |     2 |     5 |       ||     7
Armor: Animal skin       |     7 |       |       ||     7
       Ring mail         |    34 |    79 |     3 ||   116
Dodge: Dodged            |    52 |   102 |     1 ||   155
